 Dungeon Crawl Stone Soup version 0.29-a0-323-g050149af67 (webtiles) character file.

Game seed: 4170997470052765780

1456 GigaChad the Carver (level 8, -7/70 HPs)
             Began as a Minotaur Chaos Knight on Apr 11, 2022.
             Was a Plaything of Xom.
             Mangled by an orc warrior
             ... wielding a +0 battleaxe
              (12 damage)
             ... on level 8 of the Dungeon.
             The game lasted 00:16:46 (3813 turns).

GigaChad the Carver (Minotaur Chaos Knight)         Turns: 3813, Time: 00:16:50

Health: -7/70      AC: 31    Str: 15    XL:     8   Next: 47%
Magic:  7/7        EV:  1    Int:  9    God:    Xom [*.....]
Gold:   133        SH:  5    Dex: 12    Spells: 7/7 levels left

rFire   x . .      SeeInvis .   B - +2 war axe
rCold   + . .      Faith    .   (no shield)
rNeg    . . .      Spirit   .   f - +9 crystal plate armour of the Shining Light {rPois}
rPois   +          Reflect  +   (helmet restricted)
rElec   .          Harm     .   (no cloak)
rCorr   .          Rampage  .   (no gloves)
Will    +....                   d - +0 pair of boots
Stlth   ..........              v - amulet of reflection
HPRegen 0.21/turn               m - ring of ice
MPRegen 0.10/turn               (no ring)

@: studying Throwing
A: horns 2, retaliatory headbutt, talons 1, iridescent scales 1, strong-willed
1, weak 1
a: Renounce Religion


You were on level 8 of the Dungeon.
You worshipped Xom.
You were a special plaything of Xom.
You visited 1 branch of the dungeon, and saw 8 of its levels.

You collected 133 gold pieces.

Inventory:

Hand Weapons
 a - a +3 falchion of chaos
 i - a +0 dagger of speed
 y - a +4 scimitar
 A - a +3 dire flail
 B - a +2 war axe (weapon)
 C - a +0 halberd
Missiles
 x - 3 javelins
Armour
 b - a +2 leather armour
 d - a +0 pair of boots (worn)
 e - a +2 helmet
 f - the +9 crystal plate armour of the Shining Light (worn) {rPois}
   (Xom gifted it to you on level 1 of the Dungeon)

   rPois:     It protects you from poison.
 q - a +2 crystal plate armour
Jewellery
 m - a ring of ice (left hand)
 v - an amulet of reflection (around neck)
Wands
 j - a wand of iceblast (6)
 p - a wand of acid (13)
Scrolls
 h - 6 scrolls of teleportation
 n - 7 scrolls of identify
 o - 2 scrolls of magic mapping
 t - a scroll of amnesia
 u - a scroll of vulnerability
 z - a scroll of fear
Potions
 g - 3 potions of curing {unknown}
 k - a potion of mutation {unknown}
 l - 2 potions of cancellation {unknown}
 r - a potion of ambrosia {unknown}
 s - a potion of attraction {unknown}
 w - a potion of resistance {unknown}
Miscellaneous
 c - a piece from Xom's chessboard (15/15) (quivered)


   Skills:
 + Level 5.9 Fighting
 + Level 9.1 Long Blades
 + Level 1.8 Axes
 + Level 7.6 Armour
 + Level 1.3 Dodging
 + Level 2.7 Shields


You had 7 spell levels left.
You didn't know any spells.
Your spell library contained the following spells:

 Spells                   Type           Power      Damage    Failure   Level
 Animate Skeleton         Necr           0%         N/A       100%        1
 Pain                     Necr           0%         1d4       100%        1
 Shock                    Conj/Air       0%         1d3       100%        1
 Conjure Flame            Conj/Fire      0%         6-21      100%        3
 Ignite Poison            Fire/Tmut/Pois 0%         N/A       100%        3
 Swiftness                Air            0%         N/A       100%        3
 Vampiric Draining        Necr           0%         2d6       100%        3
 Airstrike                Air            0%         N/A       100%        4
 Sticky Flame             Conj/Fire      0%         2d3       100%        4


Dungeon Overview and Level Annotations

Branches:
Dungeon (8/15)
 Temple: D:4-7         Lair: D:8-11

Altars:
Makhleb
Qazlal
Xom
Zin

Shops:
D:5 *

Annotations:
D:7 Prince Ribbit


Innate Abilities, Weirdness & Mutations

You have a pair of horns on your head.
You reflexively headbutt those who attack you in melee.
You have sharp toenails.
You are partially covered in iridescent scales. (AC +2)
You are strong-willed. (Will+)
You are weak. (Str -2)


Message History

You hit the orc.
You kill the orc!
You barely miss the orc warrior. Your headbutt misses the orc warrior.
The orc warrior is moderately wounded.
The orc warrior hits you but does no damage.
An orc comes into view. It is wielding a +0 club.
You block the orc warrior's attack.
The orc shouts!
You hit the orc warrior. Your headbutt misses the orc warrior.
The orc warrior is moderately wounded.
Prince Ribbit croaks regally.
The orc warrior hits you but does no damage.
The orc warrior attacks as you move away!
The orc warrior hits you with a +0 battleaxe.
* * * LOW HITPOINT WARNING * * *
Prince Ribbit blinks!
You see here 9 gold pieces.
The orc warrior attacks as you move away!
The orc warrior hits you with a +0 battleaxe!
* * * LOW HITPOINT WARNING * * *
The orc warrior attacks as you move away!
The orc warrior hits you with a +0 battleaxe.
* * * LOW HITPOINT WARNING * * *
The orc warrior attacks as you move away!
The orc warrior hits you but does no damage.
There is an escape hatch in the floor here.
The orc warrior hits you with a +0 battleaxe.
* * * LOW HITPOINT WARNING * * *
You slide downwards.
The hatch slams shut behind you.
A bullfrog comes into view.
Found a stone staircase leading down.
The bullfrog croaks.
The bullfrog hits you but does no damage. x2
You slash the bullfrog!
The bullfrog is heavily wounded.
You closely miss the orc warrior.
The bullfrog hits you but does no damage.
The orc warrior hits you with a +0 battleaxe!
You die...
Xom bursts into laughter!

#. >..
#.# ##
#.# ##
#.#
#.###.#
#.##.##.#
#.#.#.##
###..o###
#...@F..#
#.##.##.#
# #.# .#
#.# # #.#
#.# ...
#.#


You could see an orc warrior and a bullfrog.

Vanquished Creatures
  A black bear (D:7)
  A sky beast (D:5)
  An ogre (D:5)
  A centaur (D:7)
  2 scorpions (D:4)
  A wight (D:6)
  2 jellies
  2 hounds (D:5)
  A gnoll shaman (D:7)
  2 iguanas (D:4)
  An orc wizard (D:5)
  4 gnolls (D:7)
  7 adders
  3 white imps
  A worm (D:4)
  10 orcs
  3 ball pythons
  3 endoplasms
  5 giant cockroaches
  2 goblins
  5 hobgoblins
  3 jackals (D:3)
  5 quokkas
  3 bats
  2 frilled lizards
  3 kobolds
  3 rats
77 creatures vanquished.

Vanquished Creatures (collateral kills)
  A black bear (D:4)
  2 ogres
  A bullfrog (D:6)
  4 wights (D:6)
  An adder (D:6)
9 creatures vanquished.

Vanquished Creatures (others)
  5 plants (D:7)
5 creatures vanquished.

Grand Total: 91 creatures vanquished

Notes
Turn   | Place    | Note
-------+----------+-------------------------------------------
     0 | D:1      | GigaChad the Minotaur Chaos Knight began the quest for the
                  | Orb.
     0 | D:1      | Reached XP level 1. HP: 19/19 MP: 0/0
   117 | D:1      | Identified the +9 crystal plate armour of the Shining Light
                  | {rPois} (Xom gifted it to you on level 1 of the Dungeon)
   117 | D:1      | XOM: god gift: +9 crystal plate armour of the Shining Light
                  | {rPois}
   221 | D:1      | XOM: fog
   413 | D:2      | You fall into a shaft and drop 1 floor!
   416 | D:3      | XOM: god gift: blackened lead wand {god gift}
   445 | D:3      | Reached XP level 2. HP: 27/27 MP: 1/1
   465 | D:3      | XOM: god gift: fuming red potion {god gift}
   481 | D:3      | Reached skill level 4 in Long Blades
   639 | D:3      | XOM: enchant monster (good)
   735 | D:3      | XOM: scenery: create altars
   829 | D:3      | XOM: 2-stop teleportation journey
   925 | D:3      | XOM: give mutations
   925 | D:3      | Gained mutation: You are strong-willed. (Will+) [Xom's
                  | grace]
   925 | D:3      | Gained mutation: You are partially covered in iridescent
                  | scales. (AC +2) [Xom's grace]
   925 | D:3      | Gained mutation: You have sharp toenails. [Xom's grace]
   934 | D:3      | XOM: 1-stop teleportation journey
   935 | D:3      | Reached XP level 3. HP: 9/34 MP: 2/2
  1021 | D:3      | XOM: scenery: 1 doors open
  1087 | D:3      | Reached XP level 4. HP: 31/41 MP: 3/3
  1229 | D:3      | XOM: scenery: 1 doors close
  1785 | D:4      | Reached skill level 5 in Long Blades
  1868 | D:4      | Reached XP level 5. HP: 36/47 MP: 4/4
  1925 | D:4      | Noticed an ogre
  1931 | D:4      | Noticed a black bear
  1934 | D:4      | XOM: summons 3 friendly demons
  1935 | D:4      | Killed an ogre
  1936 | D:4      | Reached skill level 6 in Long Blades
  1939 | D:4      | Killed a black bear
  1940 | D:4      | Reached XP level 6. HP: 32/55 MP: 5/5
  2231 | D:4      | Reached skill level 5 in Fighting
  2393 | D:4      | Reached skill level 7 in Long Blades
  2393 | D:4      | Reached skill level 5 in Armour
  2447 | D:5      | Entered Level 5 of the Dungeon
  2616 | D:5      | Found Qaidixy's Overcharged Wands.
  2662 | D:5      | Reached XP level 7. HP: 60/61 MP: 6/6
  2728 | D:5      | Found a glowing silver altar of Zin.
  3153 | D:6      | Found a stormy altar of Qazlal.
  3165 | D:6      | Reached skill level 8 in Long Blades
  3165 | D:6      | Reached skill level 1 in Shields
  3173 | D:6      | Reached XP level 8. HP: 53/69 MP: 7/7
  3435 | D:6      | Found a burning altar of Makhleb.
  3681 | D:7      | Reached skill level 9 in Long Blades
  3731 | D:7      | XOM: give mutations
  3731 | D:7      | Gained mutation: You are weak. (Str -2) [Xom's mischief]
  3765 | D:7      | Noticed Prince Ribbit
  3788 | D:7      | Reached skill level 1 in Axes
  3788 | D:7      | XOM: chaos upgrade
  3813 | D:8      | Mangled by an orc warrior

Illustrated notes

Levels and vault maps discovered:
D:1:      dpeg_arrival_simpleton_c, layout_basic
D:2:      layout_rooms
D:3:      layout_basic, mrwooster_statue_mirror, chequers_garden,
          kennysheep_generic_room_14
D:4:      layout_cave_pools, sigmund_edmund_badplayer, uniq_duvessa,
          uniq_blork_the_orc
D:5:      layout_basic, zin_treasury, nicolae_shop_overcharged_wands
D:6:      layout_basic, serial_corexii_hall, corexii_hall_statues_l,
          corexii_hall_statues_u, chequers_hall_statues_y,
          corexii_hall_statues_l, abandoned_shop, hangedman_feature_mirror
D:7:      layout_basic, minmay_temple_entry_gardened_gates,
          nicolae_ossuary_entry_false_entrances, uniq_prince_ribbit1, uniq_pikel
D:8:      layout_loops_cross, erik_lair_island

Skill      XL: |  1  2  3  4  5  6  7  8 |
---------------+-------------------------+-----
Long Blades    | 4 5 6 7 8 9 |  9.1
Fighting       | 4 5 |  5.9
Armour         | 3 4 5 6 7 |  7.6
Shields        | 1 2 |  2.7
Axes           | 1 |  1.8
Dodging        | |  1.3

Action                   |  1- 3 |  4- 6 |  7- 9 || total
-------------------------+-------+-------+-------++-------
Melee: Falchion          |    86 |    98 |    44 ||   228
       Headbutt          |     7 |    17 |    16 ||    40
       War axe           |       |       |    37 ||    37
       Scimitar          |       |       |     4 ||     4
  Use: Scroll            |       |    10 |     4 ||    14
Armor: Crystal plate arm |   144 |   101 |    98 ||   343
       Leather armour    |     2 |       |       ||     2
Dodge: Dodged            |     6 |     5 |     5 ||    16
Block: Other             |       |     5 |    27 ||    32
       Reflection        |       |       |     2 ||     2

Table legend: (Time is in decaauts)
 A = Elapsed time spent in this place.
 B = Non-inter-level travel time spent in this place.
 C = Inter-level travel time spent in this place.
 D = Time resting spent in this place.
 E = Time spent auto-exploring this place.
 F = Levels seen in this place.
 G = Mean time per level.
                   A        B        C        D        E       F      G
               +--------+--------+--------+--------+--------+-----+--------+
         Total |   3834 |   3792 |     42 |    864 |    316 |   8 |  479.2 |
       Dungeon |   3834 |   3792 |     42 |    864 |    316 |   8 |  479.2 |
               +--------+--------+--------+--------+--------+-----+--------+

Top non-repeatable levels by time:
     D:3: 1187 daAuts
     D:4: 694 daAuts
     D:6: 628 daAuts
     D:5: 581 daAuts
     D:1: 413 daAuts
     D:2: 162 daAuts
     D:7: 162 daAuts
     D:8: 3 daAuts
